Map: Acropolis LE

Players

SirThirst

  • Race: Protoss Protoss
  • Spawn Location: 5:00

A.I. 1 (Very Hard) - Winner!

  • Race: Protoss Protoss
  • Spawn Location: 11:00

VOD

Have the link to the VOD?

Description

Time

  • Played on: Aug. 14, 2019, 5:40 a.m.
  • Length: 15:59
Show
View Real Time Build Order
Export as new Build Order

SirThirst Protoss 

Build Orders: 1 Gate Expand 

Get SALT Encoding   

  12  0:01  Probe  
  13  0:13  Probe  
  14  0:21  Pylon  
  14  0:25  Probe  
  15  0:38  Probe  
  16  0:44  Gateway  
  16  0:46  Probe  
  16  0:54  Probe  
  17  1:00  Assimilator  
  18  1:05  Probe  
  19  1:22  Probe, Nexus  
  20  1:35  Cybernetics Core  
  20  1:44  Probe  
  21  1:49  Pylon  
  21  1:53  Assimilator  
  21  1:59  Probe  
  22  2:11  Adept, Probe  
  25  2:18  Assimilator  
  25  2:27  Probe  
  26  2:31  Robotics Facility  
  26  2:34  Warp Gate  
  26  2:35  Probe  
  27  2:39  Probe  
  28  2:44  Stalker  
  28  2:47  Probe  
  31  3:00  Probe x2  
  33  3:12  Probe x2  
  35  3:19  Immortal  
  39  3:23  Stalker  
  39  3:24  Probe x2  
  43  3:28  Gateway  
  43  3:33  Pylon  
  43  3:36  Probe x2  
  45  3:45  Pylon  
  45  3:57  Stalker  
  45  3:58  Immortal  
  51  4:04  Probe  
  51  4:06  Probe  
  53  4:11  Assimilator  
  53  4:21  Robotics Bay  
  53  4:27  Pylon  
  53  4:29  Stalker  
  55  4:36  Stalker  
  57  4:39  Robotics Facility  
  57  4:45  Immortal  
  61  4:54  Stalker  
  61  4:57  Probe  
  64  5:02  Stalker  
  66  5:07  Gateway  
  66  5:09  Probe  
  67  5:19  Stalker  
  69  5:25  Gateway  
  69  5:31  Pylon  
  69  5:37  Probe  
  70  5:49  Probe x2, Disruptor x2  
  78  5:52  Gateway  
  78  6:01  Pylon  
  78  6:04  Pylon  
  78  6:19  Probe x2  
  78  6:23  Stalker  
  82  6:26  Stalker  
  82  6:28  Stalker  
  82  6:30  Stalker  
  82  6:31  Probe  
  89  6:33  Pylon  
  89  6:44  Extended Thermal Lance  
  89  6:46  Forge  
  89  6:48  Twilight Council  
  89  6:59  Gateway  
  89  7:00  Gateway  
  89  7:04  Gateway  
  89  7:07  Gateway  
  89  7:12  Stalker  
  89  7:13  Stalker  
  89  7:14  Stalker  
  89  7:15  Stalker  
  97  7:17  Stalker  
  97  7:20  Protoss Ground Weapons Level 1  
  97  7:22  Pylon  
  99  7:25  Resonating Glaives  
  99  7:39  Nexus  
  99  7:42  Pylon  
  99  7:45  Pylon  
  99  7:48  Pylon  
  99  8:12  Immortal  
  103  8:13  Immortal  
  103  8:19  Stalker  
  109  8:20  Stalker x2  
  109  8:23  Stalker  
  115  8:27  Sentry x2  
  115  8:29  Sentry  
  115  8:31  Sentry  
  115  8:33  Sentry  
  125  8:36  Probe  
  126  8:43  Probe  
  127  8:49  Probe  
  128  8:55  Probe  
  128  9:01  Probe  
  130  9:03  Probe  
  130  9:07  Assimilator  
  130  9:08  Probe  
  130  9:09  Assimilator  
  132  9:15  Probe  
  133  9:20  Colossus  
  133  9:21  Colossus  
  145  9:24  Charge  
  103  9:52  Stalker x2  
  99  9:53  Stalker x2  
  99  9:54  Stalker x3  
  99  9:55  Stalker x2  
  115  10:01  Probe  
  115  10:06  Probe  
  111  10:13  Probe  
  100  10:18  Probe  
  100  10:20  Colossus  
  99  10:25  Probe  
  100  10:30  Probe  
  101  10:41  Colossus  
  107  10:49  Stalker x2  
  111  10:50  Stalker x3  
  111  10:51  Stalker x3  
  111  10:52  Zealot  
  125  11:00  Pylon  
  125  11:10  Nexus  
  125  11:12  Pylon  
  125  11:14  Pylon  
  125  11:17  Pylon  
  125  11:21  Assimilator  
  125  11:25  Assimilator  
  125  11:30  Pylon  
  125  11:42  Pylon  
  125  11:47  Immortal  
  129  11:48  Immortal  
  129  11:51  Stalker x2  
  129  11:52  Stalker x3  
  129  11:53  Stalker x2  
  147  11:54  Stalker  
  147  11:56  Stalker  
  147  11:58  Protoss Ground Weapons Level 2  
  151  12:22  Probe  
  151  12:28  Probe  
  152  12:30  Probe  
  152  12:36  Probe, Disruptor x2  
  154  12:40  Probe  
  156  12:46  Probe  
  163  12:52  Probe  
  163  12:55  Stalker x3  
  163  12:56  Stalker x3  
  163  12:57  Stalker x3  
  163  12:58  Probe  
  183  13:04  Probe  
  184  13:10  Probe  
  185  13:24  Immortal x2  
  193  13:27  Zealot  
  193  13:28  Zealot x2  
  160  13:53  Immortal  
  160  13:54  Immortal  
  160  13:55  Zealot x3  
  164  13:56  Zealot x4  
  164  13:57  Zealot x2  
  164  14:43  Stalker x2  
  164  14:44  Stalker x3  
  164  14:45  Stalker x3  
  160  14:46  Stalker  
  160  14:51  Pylon  
  156  14:53  Pylon  
  156  14:56  Pylon  
  148  15:09  Immortal  
  148  15:10  Immortal  
  148  15:13  Stalker x2  
  148  15:14  Stalker x3  
  162  15:15  Stalker x2  
  162  15:16  Stalker  
  162  15:17  Stalker  
  170  15:48  Stalker x2  
  170  15:49  Stalker x3  
  188  15:50  Stalker x3  
  188  15:51  Stalker  
Show
View Real Time Build Order
Export as new Build Order

A.I. 1 (Very Hard) Protoss - Winner!

Build Orders: Zealot Archon, Colossus Rush 

Get SALT Encoding   

  12  0:00  Probe  
  13  0:13  Probe  
  14  0:19  Pylon  
  14  0:25  Probe  
  15  0:34  Probe  
  15  0:42  Probe  
  16  0:47  Assimilator  
  17  0:50  Gateway  
  17  0:52  Probe  
  18  0:59  Pylon  
  18  1:00  Probe  
  19  1:08  Probe  
  19  1:18  Probe  
  21  1:30  Probe  
  22  1:39  Zealot  
  24  1:42  Probe  
  25  1:47  Nexus  
  25  1:59  Probe  
  25  2:00  Cybernetics Core  
  26  2:07  Probe  
  26  2:15  Probe  
  28  2:25  Pylon  
  28  2:27  Warp Gate, Probe  
  29  2:37  Gateway, Stalker  
  31  2:41  Assimilator  
  31  2:43  Probe  
  31  2:53  Probe  
  32  2:59  Pylon, Probe  
  32  3:01  Probe  
  34  3:06  Adept  
  36  3:13  Probe  
  36  3:14  Probe  
  38  3:24  Adept  
  38  3:25  Robotics Facility  
  40  3:29  Probe  
  40  3:31  Probe  
  42  3:36  Adept  
  44  3:41  Probe  
  44  3:43  Probe  
  44  3:47  Adept  
  46  3:53  Probe  
  49  3:56  Probe  
  50  4:05  Probe  
  50  4:06  Adept, Probe  
  54  4:13  Pylon  
  54  4:14  Probe  
  54  4:15  Robotics Bay, Observer  
  55  4:17  Probe  
  55  4:22  Probe  
  55  4:23  Robotics Facility  
  57  4:24  Adept  
  57  4:27  Pylon  
  60  4:39  Probe  
  60  4:40  Pylon  
  60  4:41  Probe  
  60  4:44  Stalker  
  60  4:45  Stalker  
  66  5:01  Gateway  
  66  5:09  Zealot  
  66  5:11  Pylon  
  66  5:13  Zealot, Colossus  
  76  5:23  Zealot  
  76  5:24  Pylon  
  78  5:28  Zealot  
  80  5:44  Probe x2, Stalker, Sentry  
  80  5:46  Assimilator  
  86  6:00  Twilight Council  
  86  6:04  Probe  
  86  6:06  Forge  
  86  6:08  Pylon  
  86  6:10  Assimilator  
  87  6:12  Forge  
  87  6:23  Gateway  
  87  6:28  Probe  
  88  6:33  Probe  
  88  6:37  Stalker  
  88  6:38  Stalker  
  93  6:40  Pylon  
  93  6:44  Photon Cannon  
  93  6:48  Photon Cannon  
  93  6:50  Photon Cannon  
  93  6:53  Photon Cannon  
  93  6:59  Stalker  
  95  7:01  Zealot  
  95  7:04  Stalker  
  95  7:05  Nexus  
  95  7:06  Templar Archives  
  99  7:24  Stalker, Sentry  
  99  7:25  Stalker  
  99  7:27  Pylon  
  105  7:41  Stalker  
  105  7:43  High Templar  
  109  7:48  High Templar, Stalker  
  113  7:52  Pylon  
  113  7:56  Archon  
  113  8:03  Stalker  
  115  8:11  High Templar  
  117  8:15  Stalker  
  117  8:17  Probe  
  117  8:18  Probe x2  
  117  8:19  Pylon  
  122  8:25  High Templar, Assimilator  
  124  8:27  Assimilator  
  124  8:28  Stalker  
  124  8:29  Probe  
  124  8:30  Probe x2  
  124  8:32  Archon  
  129  8:34  Colossus  
  129  8:42  Probe x2  
  129  8:43  High Templar, Probe  
  134  8:49  Pylon  
  134  8:54  Probe x2  
  134  8:55  High Templar, Probe  
  137  9:02  Immortal  
  143  9:03  Immortal  
  143  9:05  Photon Cannon  
  143  9:06  Probe  
  143  9:07  Probe x2  
  143  9:08  Archon  
  143  9:09  Pylon  
  150  9:14  Probe  
  150  9:16  Probe  
  150  9:17  High Templar  
  150  9:19  Probe  
  150  9:23  Probe  
  155  9:27  High Templar  
  155  9:29  Photon Cannon  
  155  9:30  Stalker  
  155  9:31  Zealot, Probe, Photon Cannon  
  156  9:33  Pylon  
  125  9:41  Immortal  
  125  9:44  Archon  
  117  9:48  Pylon  
  117  9:49  Zealot  
  117  9:51  High Templar  
  107  9:53  Zealot, Warp Prism  
  107  9:59  High Templar  
  111  10:02  Photon Cannon  
  103  10:09  Zealot  
  103  10:10  Photon Cannon  
  103  10:13  Zealot  
  103  10:14  Nexus  
  105  10:17  Psionic Storm  
  105  10:19  Gateway, Archon  
  105  10:20  Warp Prism  
  105  10:23  Stalker  
  105  10:25  Photon Cannon  
  107  10:29  Zealot  
  107  10:31  High Templar  
  107  10:33  Zealot  
  113  10:39  Adept  
  115  10:47  Protoss Ground Weapons Level 1, Sentry  
  115  10:49  Adept  
  119  10:57  Adept  
  119  11:00  Protoss Ground Armor Level 1  
  119  11:03  Sentry  
  123  11:06  Sentry  
  123  11:10  Gateway, Stalker  
  127  11:13  Stalker  
  127  11:17  High Templar  
  131  11:19  Immortal  
  135  11:26  Adept  
  135  11:27  Observer  
  135  11:28  Zealot  
  140  11:33  Archon, Sentry  
  140  11:36  Stalker, Assimilator  
  140  11:37  Pylon  
  144  11:41  High Templar  
  144  11:44  Nexus, Assimilator  
  146  11:48  Photon Cannon  
  146  11:50  High Templar  
  146  11:53  Stalker  
  150  11:56  Stalker  
  150  11:59  Stalker, Photon Cannon  
  154  12:02  Archon  
  154  12:04  Stalker  
  154  12:06  Pylon  
  154  12:07  Pylon  
  156  12:11  High Templar  
  158  12:18  High Templar  
  158  12:19  Observer  
  158  12:20  Stalker  
  162  12:23  Blink  
  162  12:26  Stalker, Photon Cannon  
  162  12:28  Stalker  
  167  12:31  Stalker  
  167  12:32  Photon Cannon  
  167  12:35  Photon Cannon  
  169  12:37  Photon Cannon  
  169  12:43  Sentry  
  171  12:51  Robotics Facility  
  171  12:56  Colossus  
  171  12:57  Stargate  
  171  13:02  Assimilator  
  171  13:03  Colossus  
  171  13:04  Zealot  
  179  13:12  Pylon, Nexus  
  179  13:13  Assimilator  
  179  13:16  Photon Cannon  
  185  13:34  Photon Cannon  
  185  13:36  Stalker  
  185  13:38  Immortal, Stalker  
  185  13:40  Stalker  
  185  13:41  Zealot x3  
  145  13:46  Colossus  
  111  13:56  Zealot, Disruptor  
  111  13:59  Zealot  
  111  14:00  Adept  
  111  14:01  Stalker, Sentry  
  114  14:03  Stalker  
  114  14:11  Zealot  
  114  14:14  Zealot  
  104  14:19  Sentry  
  104  14:20  Probe  
  104  14:24  Adept, Zealot  
  102  14:26  Adept, Zealot  
  86  14:31  Adept, Probe, Stalker  
  86  14:33  Zealot  
  87  14:38  Stalker  
  87  14:41  Adept  
  87  14:43  Stalker  
  78  14:51  Zealot, Probe  
  74  14:53  Adept  
  74  14:54  Sentry  
  74  14:55  Zealot  
  74  14:59  Adept, Probe  
  73  15:02  Stalker  
  68  15:09  Stalker  
  68  15:11  Sentry  
  68  15:13  Zealot  
  67  15:14  Stalker  
  67  15:17  Probe  
  63  15:25  Stalker, Nexus  
  56  15:31  Adept  
  56  15:33  Stalker x2  
  56  15:34  Adept, Stalker  
  56  15:35  Zealot  
Tags
 
Composition
Zealot Archon
Matchup
PvP
Spawn Locations
Cross Positions
Add a new tag
Caveats
  • Supply blocks, unpowered buildings, or Contaminate may cause inaccurate times.
  • Supply counts are checked every 10 seconds.